 Dungeon Crawl Stone Soup version 0.25.0-11-g1f837a7 (webtiles) character file.

Game seed: 16470908087774325649

14771 shmeve the Cleaver (level 11, -10/105 HPs)
             Began as a Minotaur Berserker on June 28, 2020.
             Was a High Priest of Trog.
             Mangled by a two-headed ogre
             ... wielding a cursed -3 giant club
              (20 damage)
             ... on level 11 of the Dungeon.
             The game lasted 00:23:58 (9492 turns).

shmeve the Cleaver (Minotaur Berserker)             Turns: 9492, Time: 00:23:59

Health: -10/105    AC: 17    Str: 22    XL:     11   Next: 93%
Magic:  10/10      EV: 11    Int:  5    God:    Trog [*****.]
Gold:   627        SH:  0    Dex: 16    Spells: 10/10 levels left

rFire    . . .     SeeInvis .   B - +0 battleaxe
rCold    . . .     Gourm    .   (shield currently unavailable)
rNeg     . . .     Faith    .   r - +0 plate armour
rPois    .         Spirit   .   (helmet restricted)
rElec    .         Reflect  .   h - +0 cloak (curse)
rCorr    .         Harm     .   (no gloves)
MR       .....                  l - +0 pair of boots
Stlth    ..........             C - amulet of Qivusul {Regen+ Dex+4 Slay+5}
HPRegen  0.67/turn              (no ring)
MPRegen  0.12/turn              (no ring)

@: no status effects
A: retaliatory headbutt, horns 2
a: Berserk, Trog's Hand, Brothers in Arms, Renounce Religion


You were on level 11 of the Dungeon.
You worshipped Trog.
Trog was extremely pleased with you.
You were not hungry.

You visited 2 branches of the dungeon, and saw 12 of its levels.
You also visited: Sewer.

You collected 627 gold pieces.

Inventory:

Hand Weapons
 o - a +0 broad axe
 B - a +0 battleaxe (weapon)
Missiles
 q - 8 javelins
 u - 2 boomerangs (quivered)
Armour
 h - a cursed +0 cloak (worn)
 l - a +0 pair of boots (worn)
 r - a +0 plate armour (worn)
Jewellery
 j - an uncursed ring of resist corrosion {unknown}
 y - a cursed -4 ring of intelligence {unknown}
 C - the amulet of Qivusul (around neck) {Regen+ Dex+4 Slay+5}
   (You found it on level 8 of the Dungeon)

   [amulet of regeneration]

   It affects your dexterity (+4).
   It affects your accuracy and damage with ranged weapons and melee attacks
   (+5).
   It increases your rate of regeneration.
 D - a cursed amulet of inaccuracy {unknown}
Wands
 v - a wand of iceblast (8)
Scrolls
 b - a scroll of immolation {unknown}
 d - 3 scrolls of identify
 f - 3 scrolls of amnesia {unknown}
 g - 3 scrolls of remove curse {unknown}
 m - 5 scrolls of teleportation {unknown}
 t - 3 scrolls of fear {unknown}
 w - 6 scrolls of enchant weapon
 z - a scroll of random uselessness {unknown}
 A - 2 scrolls of blinking {unknown}
 F - a scroll of vulnerability {unknown}
Potions
 e - a potion of invisibility {unknown}
 i - 6 potions of heal wounds {unknown}
 k - 5 potions of curing {unknown}
 n - 3 potions of degeneration {unknown}
 p - 5 potions of flight {unknown}
 s - 2 potions of haste {unknown}
 x - 2 potions of brilliance {unknown}
 E - 2 potions of stabbing {unknown}
 G - a potion of resistance {unknown}
Comestibles
 c - 24 rations


   Skills:
 * Level 12.6 Fighting
 * Level 12.6 Axes
 + Level 7.3 Throwing
 + Level 9.2 Armour
 + Level 8.4 Dodging


You had 10 spell levels left.
You didn't know any spells.
Your spell library was empty.

Dungeon Overview and Level Annotations

Branches:
Dungeon (11/15)            Temple (1/1) D:7            Lair (0/6) D:8
  Sewer (visited)
    Orc: D:9-12

Altars:
Ashenzari
Cheibriados
Elyvilon
Fedhas
Gozag
Hepliaklqana
Makhleb
Nemelex Xobeh
Okawaru
Qazlal
Trog
Uskayaw
Xom
The Shining One


Innate Abilities, Weirdness & Mutations

You reflexively headbutt those who attack you in melee.
You have a pair of horns on your head.


Message History

The bullfrog zombie hits you but does no damage.
The yak gores you but does no damage. The two-headed ogre misses you.
You furiously retaliate!
You headbutt the two-headed ogre!
The two-headed ogre hits you with a +0 giant club!!
* * * LOW HITPOINT WARNING * * *
An eye of draining comes into view.
The wyvern zombie barely misses you. The five-headed hydra bites you.
* * * LOW HITPOINT WARNING * * *
The five-headed hydra bites you!
* * * LOW HITPOINT WARNING * * *
The five-headed hydra bites you but does no damage. x3
The yak gores you.
* * * LOW HITPOINT WARNING * * *
The eye of draining turns its gaze towards you.
The bullfrog zombie hits you but does no damage.
Something hits you but does no damage. The yak misses you.
The wyvern zombie bites you but does no damage.
The two-headed ogre closely misses you.
The two-headed ogre hits you with a +0 giant club!!
You die...

## ##. #≈.
##≈.####
#≈≈....#
#.##≈≈D.Z.#
≈≈≈≈≈;Z@Y.#
≈≈≈≈≈YYYOY#
≈≈≈≈≈..Y..#
G≈≈≈≈...[...
≈≈≈≈≈......##
≈≈≈≈.!....##
≈≈≈≈......#
≈≈≈≈..Y..##


You could see a five-headed hydra, a two-headed ogre, 6 yaks, an eye of
draining, an ice beast, an electric eel, a bullfrog zombie and a wyvern zombie.

Vanquished Creatures
  A centaur warrior (D:8)
  A dancing weapon (D:7)
  A two-headed ogre (D:10)
  The ghost of Myro the Fighter, a novice MiMo of Hepliaklqana (D:8)
  The ghost of Steadysplat the Shield-Bearer, a novice HuWn of Gozag (D:7)
  An ugly thing (D:8)
  A kobold demonologist (D:9)
  2 trolls
  A queen bee (D:8)
  A hornet (D:9)
  2 hippogriffs (D:9)
  Sigmund (D:3)
  2 wraiths (D:8)
  2 vampires (D:10)
  12 yaks
  3 hungry ghosts
  Eustachio (D:5)
  A vampire mosquito (D:8)
  Menkaure (D:7)
  A water moccasin (D:6)
  Purgy (Sewer)
  7 orc warriors
  A sky beast (D:6)
  A phantom (D:9)
  2 black bears
  2 ogres (D:8)
  4 ice beasts
  5 necrophages
  A centaur (D:10)
  2 crocodiles (D:8)
  13 big kobolds
  6 bullfrogs
  20 killer bees (D:8)
  3 scorpions
  A bullfrog zombie (D:7)
  3 centaur zombies
  A quasit (D:8)
  6 orc priests
  5 hounds
  A jelly (D:10)
  6 orc wizards
  A centaur skeleton (D:10)
  4 bullfrog skeletons
  4 iguanas
  6 worker ants
  Natasha (thrice) (D:3)
  2 hound zombies
  A hound skeleton (D:4)
  2 worker ant zombies
  10 gnolls
  A river rat (D:3)
  11 adders
  3 shadow imps
  3 adder zombies
  2 adder skeletons
  5 worms
  3 dart slugs
  4 leopard geckos
  40 orcs
  8 bats
  11 giant cockroaches
  33 goblins
  29 hobgoblins
  7 jackals
  29 kobolds
  3 quokkas
  6 ball pythons
  13 frilled lizards
  2 leopard gecko zombies
  2 quokka skeletons (D:5)
  7 rats
  A bush (D:10)
  3 plants (D:10)
387 creatures vanquished.

Vanquished Creatures (others)
  A bush (D:10)
  3 fungi (D:8)
4 creatures vanquished.

Grand Total: 391 creatures vanquished

Notes
Turn   | Place    | Note
-------+----------+-------------------------------------------
     0 | D:1      | shmeve the Minotaur Berserker began the quest for the Orb.
     0 | D:1      | Reached XP level 1. HP: 19/19 MP: 0/0
   158 | D:1      | Reached XP level 2. HP: 26/27 MP: 1/1
   394 | D:1      | Reached XP level 3. HP: 33/33 MP: 2/2
   435 | D:1      | Reached ** piety under Trog
   745 | D:2      | Reached skill level 1 in Throwing
   745 | D:2      | Reached XP level 4. HP: 41/41 MP: 3/3
  1672 | D:2      | Reached XP level 5. HP: 27/47 MP: 4/4
  2027 | D:3      | Reached skill level 5 in Fighting
  2036 | D:3      | Reached skill level 5 in Axes
  2171 | D:3      | Reached *** piety under Trog
  2294 | D:3      | Found a glowing drain.
  2309 | Sewer    | Entered a sewer
  2385 | Sewer    | Noticed Purgy
  2392 | Sewer    | Killed Purgy
  2392 | Sewer    | Reached XP level 6. HP: 57/57 MP: 5/5
  2647 | D:3      | Noticed Natasha
  2652 | D:3      | Killed Natasha
  2653 | D:3      | Noticed Natasha
  2664 | D:3      | Killed Natasha
  2855 | D:3      | Found a shattered altar of Ashenzari.
  3100 | D:3      | Noticed Natasha
  3110 | D:3      | Killed Natasha
  3208 | D:3      | Noticed Sigmund
  3217 | D:3      | Killed Sigmund
  3217 | D:3      | Reached XP level 7. HP: 64/64 MP: 6/6
  3363 | D:4      | Reached **** piety under Trog
  3954 | D:4      | Reached ***** piety under Trog
  3954 | D:4      | Reached XP level 8. HP: 73/73 MP: 7/7
  4425 | D:5      | Entered Level 5 of the Dungeon
  4455 | D:5      | Found a glowing golden altar of the Shining One.
  4516 | D:5      | Reached skill level 5 in Armour
  4737 | D:5      | Noticed Eustachio
  4767 | D:5      | Killed Eustachio
  5044 | D:5      | Found a white marble altar of Elyvilon.
  5044 | D:5      | Found a faded altar of an unknown god.
  5049 | D:5      | Found a hide-covered altar of Uskayaw.
  5051 | D:5      | Found a hazy altar of Hepliaklqana.
  5053 | D:5      | Found a faded altar of an unknown god.
  5484 | D:6      | Reached skill level 5 in Dodging
  5771 | D:7      | Got a translucent ring mail
  5937 | D:7      | Found a sparkling altar of Nemelex Xobeh.
  5968 | D:7      | Found a stormy altar of Qazlal.
  6006 | D:7      | Found a staircase to the Ecumenical Temple.
  6017 | Temple   | Entered the Ecumenical Temple
  6019 | Temple   | Identified the +4 ring mail of Lethargy {Int+3} (You found
                  | it on level 7 of the Dungeon)
  6119 | D:7      | Reached XP level 9. HP: 82/82 MP: 8/8
  6320 | D:7      | Found a runed translucent door.
  6404 | D:7      | Found a shimmering altar of Xom.
  6404 | D:7      | Noticed a +1 long sword of chaos
  6404 | D:7      | Noticed Steadysplat's ghost (novice HuWn)
  6416 | D:7      | Killed a +1 long sword of chaos
  6430 | D:7      | Killed Steadysplat's ghost
  6430 | D:7      | Reached skill level 5 in Throwing
  6728 | D:7      | Noticed Menkaure
  6734 | D:7      | Killed Menkaure
  7017 | D:8      | Found a runed translucent door.
  7018 | D:8      | Noticed Myro's ghost (novice MiMo)
  7049 | D:8      | Killed Myro's ghost
  7049 | D:8      | Reached skill level 10 in Fighting
  7049 | D:8      | Reached skill level 10 in Axes
  7049 | D:8      | Reached XP level 10. HP: 93/93 MP: 9/9
  7683 | D:8      | Noticed a green ugly thing
  7691 | D:8      | Killed a green ugly thing
  7691 | D:8      | Noticed a centaur warrior
  7701 | D:8      | Killed a centaur warrior
  7701 | D:8      | Reached XP level 11. HP: 85/102 MP: 10/10
  7809 | D:8      | Found the cursed +13 scythe of Curses {drain, *Curse}
  7810 | D:8      | Identified the Disquisition on Boosting Calling
  7811 | D:8      | Got a flickering zirconium amulet
  7812 | D:8      | Identified the amulet of Qivusul {Regen+ Dex+4 Slay+5} (You
                  | found it on level 8 of the Dungeon)
  7942 | D:8      | Found a staircase to the Lair.
  8400 | D:9      | Found a hide-covered altar of Uskayaw.
  8829 | D:10     | Entered Level 10 of the Dungeon
  8980 | D:10     | Received a gift from Trog
  9226 | D:10     | Found a blossoming altar of Fedhas.
  9357 | D:10     | Noticed a two-headed ogre
  9362 | D:10     | Killed a two-headed ogre
  9484 | D:11     | Noticed a five-headed hydra
  9484 | D:11     | Noticed a two-headed ogre
  9492 | D:11     | Mangled by a two-headed ogre

Illustrated notes

Levels and vault maps discovered:
D:1:      nicolae_arrival_memento_mori, layout_rooms
D:2:      layout_rooms, minmay_pentomino_t4
D:3:      layout_basic, first_ration, portal_sewer_entry_b, corexii_shack,
          evilmike_ruin_ashenzari, uniq_sigmund, uniq_natasha
D:4:      minmay_goblin_kobold_castle, layout_basic
D:5:      layout_loops_ring, chequers_temple_overflow_minitemple,
          overflow_temple_1_default, uniq_eustachio
D:6:      minmay_klotski, layout_basic
D:7:      layout_gridville, kennysheep_mini_moat, lemuel_doored_altar,
          temple_green, ebering_ghost_xom, uniq_menkaure
D:8:      layout_cave_pools, grunt_lair_entry_orc_guard_hut,
          ebering_ghost_reflecting_pool, david_nohive_1, minmay_the_grid_2x2
          [minmay_the_grid_empty, minmay_the_grid_expand, minmay_the_grid_mess,
          minmay_the_grid_prize_shrinking_boxes]
D:9:      layout_basic, basic_altar, special_room [special_room_kobold]
D:10:     layout_cave_pools, fedhas_altar_decomposition
D:11:     minmay_twisted_water, layout_rooms
Temple:   eino_temple_scatter_basement

Skill      XL: |  1  2  3  4  5  6  7  8  9 10 11 |
---------------+----------------------------------+-----
Fighting       | 4 5 6 7 8 10 11 12 | 12.6
Axes           | 4 5 6 8 10 11 12 | 12.6
Throwing       | 1 2 3 4 5 6 7 |  7.3
Armour         | 3 4 5 7 8 9 |  9.2
Dodging        | 3 4 5 6 7 8 |  8.4

Action                   |  1- 3 |  4- 6 |  7- 9 | 10-12 || total
-------------------------+-------+-------+-------+-------++-------
Melee: Hand axe          |    58 |   138 |   176 |       ||   372
       Headbutt          |     8 |    21 |    64 |    65 ||   158
       Battleaxe         |       |       |   119 |   313 ||   432
Throw: Boomerang         |       |       |    15 |     8 ||    23
       Javelin           |       |       |     1 |       ||     1
Invok: Berserk           |     1 |     3 |     4 |     5 ||    13
       Trog's Hand       |       |     2 |     4 |     4 ||    10
Evoke: Wand              |       |       |       |     7 ||     7
  Use: Scroll            |       |       |     3 |     1 ||     4
 Stab: Sleeping          |     1 |       |       |       ||     1
       Invisible         |       |       |     1 |       ||     1
  Eat: Chunk             |       |    11 |    13 |    21 ||    45
       Ration            |       |       |     2 |     1 ||     3
Armor: Animal skin       |    11 |    15 |       |       ||    26
       Chain mail        |       |    51 |   156 |       ||   207
       Ring mail         |       |       |    31 |       ||    31
       Plate armour      |       |       |    50 |   279 ||   329
Dodge: Dodged            |    42 |    87 |   179 |   242 ||   550
